[Event "ICC tourney 2314 (120 10)"]
[Site "Internet Chess Club"]
[Date "2021.01.16"]
[Round "2"]
[White "AkshatSuresh"]
[Black "PStricker"]
[Result "1-0"]
[ICCResult "Black resigns"]
[WhiteElo "1691"]
[BlackElo "1519"]
[Opening "French: Tarrasch, closed variation"]
[ECO "C05"]
[NIC "FR.17"]
[Time "16:17:55"]
[PlyCount "47"]
[TimeControl "7200+10"]

1. e4 e6 2. d4 d5 3. Nd2 Nf6 4. e5 Nfd7 5. c3 c5 6. Bd3 Nc6 7. Ne2 Qb6 8.
Nf3 Be7 9. O-O O-O 10. Bc2 cxd4 11. cxd4 Qc7 12. Nf4 Nb6 13. a3 f6 14. exf6
Bxf6 15. Re1 Nxd4 16. Nxd4 Bxd4 17. Bxh7+ Kxh7 18. Qxd4 Qf7 19. Re3 Kg8 20.
Rg3 Re8 21. Nh5 e5 22. Qh4 g6 23. Nf6+ Kf8 24. Qh8+ { Black resigns } 1-0

[Event "ICC tourney 2314 (120 10)"]
[Site "Internet Chess Club"]
[Date "2021.01.16"]
[Round "2"]
[White "MikeWMason"]
[Black "kevinwang"]
[Result "1-0"]
[ICCResult "Black resigns"]
[WhiteElo "1699"]
[BlackElo "1262"]
[Opening "Sicilian: Smith-Morra gambit"]
[ECO "B21"]
[NIC "SI.48"]
[Time "16:17:55"]
[PlyCount "88"]
[TimeControl "7200+10"]

1. e4 c5 2. d4 cxd4 3. c3 dxc3 4. Nxc3 Nc6 5. Nf3 d6 6. Bc4 Nf6 7. O-O e6
8. Qe2 Be7 9. Rd1 Qc7 10. Bf4 O-O 11. Nb5 Qa5 12. a3 d5 13. b4 Nxb4 14.
axb4 Qxb4 15. exd5 exd5 16. Bxd5 Nxd5 17. Rxd5 Qxf4 18. Qxe7 Bh3 19. Qg5
Qxg5 20. Nxg5 Be6 21. Nxe6 fxe6 22. Rd7 Rf7 23. Rxf7 Kxf7 24. Rxa7 Rxa7 25.
Nxa7 Kf6 26. Kf1 Ke5 27. Ke2 Kf4 28. Kd3 e5 29. Nb5 g5 30. Nc7 h5 31. Nd5+
Kf5 32. Ne3+ Kf4 33. Nd5+ Kf5 34. Ke3 b5 35. Nb4 e4 36. Nc6 g4 37. Nd4+ Ke5
38. Nxb5 Kd5 39. Nc3+ Kc4 40. Nxe4 Kb3 41. Nf6 Kc2 42. Nxh5 Kd1 43. Nf6 Ke1
44. Nxg4 Kf1 { Black resigns } 1-0

[Event "ICC tourney 2314 (120 10)"]
[Site "Internet Chess Club"]
[Date "2021.01.16"]
[Round "2"]
[White "atchess11"]
[Black "MasterIVGM20"]
[Result "1-0"]
[ICCResult "Black checkmated"]
[WhiteElo "1398"]
[BlackElo "1184"]
[Opening "Giuoco Piano: four knights variation"]
[ECO "C50"]
[NIC "IG.02"]
[Time "16:17:54"]
[PlyCount "149"]
[TimeControl "7200+10"]

1. e4 e5 2. Nf3 Nc6 3. Bc4 Bc5 4. Nc3 Nf6 5. O-O d6 6. h3 h6 7. d3 Be6 8.
Bb3 O-O 9. Re1 Qd7 10. Be3 Bb6 11. Qd2 Rfe8 12. Rad1 Rad8 13. Bxe6 fxe6 14.
Bxb6 axb6 15. a3 Nd4 16. Nxd4 exd4 17. Ne2 e5 18. Ng3 d5 19. f3 Kh7 20. Re2
g6 21. Rde1 Qd6 22. Kh1 c6 23. Kh2 Nd7 24. exd5 cxd5 25. f4 Re7 26. fxe5
Nxe5 27. Qf4 Rde8 28. Kh1 Kg7 29. Qxd4 Kh7 30. Ne4 Qc6 31. Nc3 Qd6 32. Qxd5
Qc7 33. Nb5 Qb8 34. Qd6 Qxd6 35. Nxd6 Rd8 36. Rxe5 Rxe5 37. Rxe5 Rxd6 38.
Re7+ Kg8 39. Rxb7 h5 40. Kh2 Kf8 41. Kg3 Ke8 42. Kf4 Rc6 43. c3 Rf6+ 44.
Ke5 Rf2 45. Rxb6 Rxg2 46. d4 Kf7 47. Rb7+ Ke8 48. d5 g5 49. d6 Rf2 50. Kd5
Rf3 51. Kc6 Rd3 52. d7+ Kd8 53. Rb8+ Ke7 54. Re8+ Kf6 55. d8=Q+ Rxd8 56.
Rxd8 Kf5 57. a4 Kf4 58. a5 Kg3 59. Rd3+ Kh4 60. a6 g4 61. hxg4 hxg4 62. Rd4
Kh3 63. Rxg4 Kxg4 64. a7 Kf3 65. a8=Q Kg3 66. Qf8 Kg4 67. Qf6 Kg3 68. Qf5
Kg2 69. Qf4 Kg1 70. Qf3 Kh2 71. Qg4 Kh1 72. Kd5 Kh2 73. Ke4 Kh1 74. Kf3 Kh2
75. Qg2# { Black checkmated } 1-0

[Event "ICC tourney 2314 (120 10)"]
[Site "Internet Chess Club"]
[Date "2021.01.16"]
[Round "2"]
[White "bgl2011"]
[Black "Vinny773175"]
[Result "1/2-1/2"]
[ICCResult "Game drawn by mutual agreement"]
[WhiteElo "1496"]
[BlackElo "1696"]
[Opening "Sicilian defense"]
[ECO "B33"]
[NIC "SI.34"]
[Time "16:18:09"]
[PlyCount "115"]
[TimeControl "7200+10"]

1. e4 c5 2. Nf3 Nc6 3. d4 cxd4 4. Nxd4 Nf6 5. Nc3 e6 6. a3 a6 7. Bg5 Be7 8.
Be3 d5 9. exd5 Nxd5 10. Nxd5 Qxd5 11. Nf3 Qxd1+ 12. Rxd1 O-O 13. Bc4 b5 14.
Ba2 Bf6 15. c3 Bb7 16. O-O Rfd8 17. Bb6 Rxd1 18. Rxd1 Rb8 19. Kf1 b4 20.
axb4 Nxb4 21. cxb4 Bxf3 22. gxf3 Rxb6 23. Bc4 Rxb4 24. b3 a5 25. Rd7 Rb8
26. Ke2 Kf8 27. f4 g6 28. f3 Ke8 29. Rd2 Bc3 30. Rd3 Bb4 31. Ke3 Ke7 32.
Ke4 f6 33. Rd1 f5+ 34. Ke3 Rc8 35. Bb5 Rc3+ 36. Rd3 Rxd3+ 37. Bxd3 h6 38.
Bc4 Ba3 39. Kf2 Bd6 40. Ke3 Bc5+ 41. Ke2 Kf6 42. h3 Ba3 43. Kf2 Bc1 44. Kg3
g5 45. fxg5+ hxg5 46. h4 gxh4+ 47. Kxh4 Ke5 48. Kg3 Kd6 49. f4 Ke7 50. Kf3
Bd2 51. Kg3 Kf6 52. Kf3 Bb4 53. Ke3 Ba3 54. Kf3 Bc1 55. Kg3 Bxf4+ 56. Kxf4
e5+ 57. Ke3 Ke7 58. Bd3 { Game drawn by mutual agreement } 1/2-1/2

[Event "ICC tourney 2314 (120 10)"]
[Site "Internet Chess Club"]
[Date "2021.01.16"]
[Round "2"]
[White "Il123"]
[Black "APBrain"]
[Result "1/2-1/2"]
[ICCResult "Game drawn by repetition"]
[WhiteElo "1461"]
[BlackElo "1639"]
[Opening "Ruy Lopez: closed, Breyer, Borisenko variation"]
[ECO "C95"]
[NIC "RL.25"]
[Time "16:17:53"]
[PlyCount "186"]
[TimeControl "7200+10"]

1. e4 e5 2. Nf3 Nc6 3. Bb5 a6 4. Ba4 Nf6 5. O-O Be7 6. Re1 b5 7. Bb3 d6 8.
h3 O-O 9. c3 Nb8 10. d4 Nbd7 11. Nbd2 Bb7 12. Bc2 Re8 13. Nf1 Bf8 14. Ng3
g6 15. Bg5 h6 16. Bd2 Bg7 17. Qc1 Kh7 18. Qd1 Nb6 19. Bc1 c5 20. d5 Nbd7
21. Be3 Rc8 22. b3 a5 23. a3 Qc7 24. Rc1 Ba6 25. Qd2 Nb6 26. Nh2 c4 27. b4
a4 28. Bd1 Nbd7 29. Ng4 Nxg4 30. Bxg4 Rcd8 31. Bd1 Nf6 32. Rc2 Bc8 33. Qc1
Rf8 34. Rce2 Rde8 35. Bd2 Ng8 36. Bc2 Bd7 37. Kh2 Qc8 38. f3 Ne7 39. Rf1 f5
40. Ree1 f4 41. Nh1 Bf6 42. Rd1 Bh4 43. Be1 Bxe1 44. Rdxe1 g5 45. Nf2 h5
46. Qd1 Kg6 47. Rh1 Rh8 48. Kg1 Ng8 49. h4 g4 50. Qe2 Nf6 51. Kf1 Kh7 52.
Rc1 gxf3 53. Qxf3 Ng4 54. Ke1 Kh6 55. Bd1 Kg6 56. Nh3 Ne3 57. Be2 Bg4 58.
Qf2 Rhf8 59. Ng5 Rf6 60. Bf3 Re7 61. Kd2 Qb7 62. Rce1 Qb6 63. Qe2 Rf8 64.
Rhg1 Rfe8 65. Nh3 Kh6 66. Nf2 Rg8 67. g3 Reg7 68. Nh1 Qc7 69. Qf2 Qb6 70.
Bxg4 Rxg4 71. gxf4 Rg2 72. Rxg2 Rxg2 73. Rxe3 Rxf2+ 74. Nxf2 exf4 75. Rf3
Qd8 76. Rxf4 Qe7 77. Nh3 Qg7 78. Ng5 Kg6 79. Rf5 Qa7 80. Nh3 Qe7 81. Ng5
Qa7 82. Ne6 Qe7 83. Rf4 Kh6 84. Nd4 Qe5 85. Ne6 Kg6 86. Kc2 Kh6 87. Kb2 Kg6
88. Nf8+ Kg7 89. Ne6+ Kg6 90. Kc2 Kh6 91. Kd2 Kg6 92. Nf8+ Kg7 93. Ne6+ Kg6
{ Game drawn by repetition } 1/2-1/2

[Event "ICC tourney 2314 (120 10)"]
[Site "Internet Chess Club"]
[Date "2021.01.16"]
[Round "2"]
[White "Kfprasanna"]
[Black "siddarth1"]
[Result "1-0"]
[ICCResult "Black resigns"]
[WhiteElo "1311"]
[BlackElo "1462"]
[Opening "Sicilian: Nimzovich-Rossolimo attack (without ...d6)"]
[ECO "B30"]
[NIC "SI.31"]
[Time "16:17:56"]
[PlyCount "41"]
[TimeControl "7200+10"]

1. e4 c5 2. Nf3 Nc6 3. Bb5 e6 4. Bxc6 bxc6 5. Nc3 d5 6. exd5 cxd5 7. d4 Nf6
8. Be3 cxd4 9. Qxd4 Be7 10. O-O-O Bd7 11. Ne5 Bd6 12. Nxd7 Qxd7 13. Bg5 e5
14. Qh4 d4 15. Bxf6 gxf6 16. Qxf6 Rg8 17. Ne4 Bc7 18. c3 Qd5 19. Rhe1 Rc8
20. Qa6 Bd8 21. Qxc8 { Black resigns } 1-0

[Event "ICC tourney 2314 (120 10)"]
[Site "Internet Chess Club"]
[Date "2021.01.16"]
[Round "2"]
[White "rachael1120"]
[Black "GPWKnight"]
[Result "0-1"]
[ICCResult "White checkmated"]
[WhiteElo "1655"]
[BlackElo "1471"]
[Opening "French: Schlechter variation"]
[ECO "C01"]
[NIC "FR.01"]
[Time "16:18:09"]
[PlyCount "52"]
[TimeControl "7200+10"]

1. e4 e6 2. d4 d5 3. Bd3 dxe4 4. Bxe4 Nf6 5. Bf3 Be7 6. Ne2 c6 7. Nbc3 Nbd7
8. Be3 Nb6 9. Qd3 Nbd5 10. O-O O-O 11. Ne4 Nxe4 12. Bxe4 Nf6 13. Bf3 Qa5
14. Ng3 Rd8 15. c3 Bd7 16. Ne4 Nxe4 17. Bxe4 g6 18. Rfe1 Bf6 19. Qe2 e5 20.
Qf3 Bg7 21. Bg5 Re8 22. Bf6 exd4 23. Bxg7 Kxg7 24. cxd4 f5 25. Bc2 Rxe1+
26. Rxe1 Qxe1# { White checkmated } 0-1

[Event "ICC tourney 2314 (120 10)"]
[Site "Internet Chess Club"]
[Date "2021.01.16"]
[Round "2"]
[White "sairam23"]
[Black "Yakshwag"]
[Result "0-1"]
[ICCResult "White checkmated"]
[WhiteElo "1506"]
[BlackElo "1364"]
[Opening "Sicilian: Grand Prix attack"]
[ECO "B23"]
[NIC "SI.44"]
[Time "16:17:58"]
[PlyCount "104"]
[TimeControl "7200+10"]

1. e4 c5 2. Nc3 Nc6 3. f4 g6 4. Nf3 Bg7 5. Bc4 d6 6. O-O Nf6 7. d3 O-O 8.
Nh4 Ng4 9. Ne2 e6 10. Nf3 d5 11. Bb3 Qb6 12. c4 Rd8 13. Qe1 Na5 14. h3 Nf6
15. exd5 exd5 16. Nd2 Bf5 17. Qg3 Bxd3 18. Qxd3 dxc4 19. Qe3 Re8 20. Qf3
cxb3 21. Nxb3 c4+ 22. Nbd4 Nc6 23. Qf2 Ne4 24. Qf3 Nxd4 25. Nxd4 Bxd4+ 26.
Kh1 c3 27. bxc3 Bxc3 28. Be3 Ng3+ 29. Qxg3 Rxe3 30. Qg5 Bxa1 31. Rxa1 Rae8
32. f5 Re1+ 33. Rxe1 Rxe1+ 34. Kh2 Qg1+ 35. Kg3 Qe3+ 36. Qxe3 Rxe3+ 37. Kf4
Ra3 38. fxg6 hxg6 39. h4 Rxa2 40. g4 Kg7 41. h5 gxh5 42. gxh5 b5 43. Kg5
Ra5 44. h6+ Kh7 45. Kf6 Kxh6 46. Kxf7 Ra6 47. Ke7 b4 48. Kd7 b3 49. Kc7 b2
50. Kb7 Rg6 51. Kxa7 b1=Q 52. Ka8 Ra6# { White checkmated } 0-1

[Event "ICC tourney 2314 (120 10)"]
[Site "Internet Chess Club"]
[Date "2021.01.16"]
[Round "2"]
[White "fireheart"]
[Black "JavierDix"]
[Result "1-0"]
[ICCResult "Black resigns"]
[WhiteElo "1613"]
[BlackElo "1472"]
[Opening "French: exchange, Svenonius variation"]
[ECO "C11"]
[NIC "FR.04"]
[Time "16:18:09"]
[PlyCount "85"]
[TimeControl "7200+10"]

1. e4 e6 2. d4 d5 3. Nc3 Nf6 4. exd5 exd5 5. Bg5 c6 6. Bd3 Be7 7. Nf3 Bg4
8. h3 Bh5 9. g4 Bg6 10. Qe2 Bxd3 11. Qxd3 O-O 12. O-O-O Nbd7 13. Bf4 c5 14.
g5 c4 15. Qe2 Nh5 16. Nxd5 Nxf4 17. Nxf4 Bxg5 18. Nxg5 Qxg5 19. Qf3 Nb6 20.
Rhg1 Qf6 21. Qg4 Kh8 22. Nh5 Qh6+ 23. f4 Nd5 24. Rde1 g6 25. Ng3 Nxf4 26.
Kb1 f5 27. Qf3 Nh5 28. Re7 Nxg3 29. Qxg3 f4 30. Qe1 Qh5 31. h4 f3 32. Rg5
Qh6 33. Qe5+ Kg8 34. Rg1 Rf5 35. Qxf5 Rf8 36. Qe6+ Kh8 37. Re8 f2 38. Rf1
Qf4 39. Qe5+ Qxe5 40. Rxf8+ Kg7 41. dxe5 Kxf8 42. Rxf2+ Ke7 43. Rf6 { Black
resigns } 1-0

[Event "ICC tourney 2314 (120 10)"]
[Site "Internet Chess Club"]
[Date "2021.01.16"]
[Round "2"]
[White "artistqueen"]
[Black "pusheen2019"]
[Result "1-0"]
[ICCResult "Black checkmated"]
[WhiteElo "1260"]
[BlackElo "1499"]
[Opening "French: Tarrasch, closed variation"]
[ECO "C05"]
[NIC "FR.16"]
[Time "16:17:57"]
[PlyCount "81"]
[TimeControl "7200+10"]

1. e4 e6 2. d4 d5 3. Nd2 Nf6 4. e5 Nfd7 5. f4 c5 6. c3 Nc6 7. Ndf3 Be7 8.
a3 f6 9. exf6 Nxf6 10. Bd3 O-O 11. Ne2 Qc7 12. O-O Bd7 13. Ng3 a6 14. Be3
c4 15. Bc2 b5 16. Qe2 Rae8 17. Rfe1 a5 18. Rad1 b4 19. axb4 axb4 20. Bd2 b3
21. Bb1 Ra8 22. Ng5 Nd8 23. f5 Ra6 24. fxe6 Nxe6 25. Bf5 Nxg5 26. Qxe7 Re8
27. Bxg5 Rxe7 28. Rxe7 Qd6 29. Bxf6 Qxf6 30. Rxd7 Ra2 31. Rb1 Qg5 32. Rxd5
Qe3+ 33. Kh1 Rxb2 34. Rf1 g6 35. Re5 Qxc3 36. Be6+ Kg7 37. Rf7+ Kh6 38.
Rh5+ gxh5 39. Rf6+ Kg7 40. Nxh5+ Kh8 41. Rf8# { Black checkmated } 1-0

[Event "ICC tourney 2314 (120 10)"]
[Site "Internet Chess Club"]
[Date "2021.01.17"]
[Round "3"]
[White "Vinny773175"]
[Black "Il123"]
[Result "1-0"]
[ICCResult "Black checkmated"]
[WhiteElo "1696"]
[BlackElo "1461"]
[Opening "Scandinavian (center counter) defense"]
[ECO "B01"]
[NIC "SD.01"]
[Time "11:01:31"]
[PlyCount "47"]
[TimeControl "7200+10"]

1. e4 d5 2. exd5 Qxd5 3. Nc3 Qa5 4. d4 c6 5. Nf3 Nf6 6. Bd2 Qc7 7. Bd3 Bg4
8. h3 Bh5 9. Be2 e6 10. Be3 Bd6 11. Qd2 Bb4 12. Bf4 Qa5 13. Rb1 Ne4 14. Qe3
Nxc3 15. bxc3 Bxc3+ 16. Kf1 Qxa2 17. Rxb7 Qa1+ 18. Qc1 Qxc1+ 19. Bxc1 Bxf3
20. Bxf3 Bxd4 21. Ba3 Be5 22. Ke2 g5 23. Rd1 f6 24. Bh5# { Black checkmated
} 1-0

[Event "ICC tourney 2314 (120 10)"]
[Site "Internet Chess Club"]
[Date "2021.01.17"]
[Round "3"]
[White "kevinwang"]
[Black "Sirichess"]
[Result "1-0"]
[ICCResult "Black resigns"]
[WhiteElo "1262"]
[BlackElo "1485"]
[Opening "Giuoco Pianissimo"]
[ECO "C50"]
[NIC "IG.02"]
[Time "11:01:35"]
[PlyCount "87"]
[TimeControl "7200+10"]

1. e4 e5 2. Nf3 Nc6 3. Bc4 Bc5 4. d3 h6 5. Nc3 d6 6. h3 Nf6 7. O-O O-O 8.
Be3 Bxe3 9. fxe3 Be6 10. Bb3 Bxb3 11. axb3 Qd7 12. Qe2 a6 13. d4 Rfe8 14.
Rae1 Re7 15. Nd5 Nxd5 16. exd5 Na7 17. dxe5 dxe5 18. e4 Rae8 19. Nh4 Qb5
20. Nf5 Rd7 21. Qg4 Qb6+ 22. Kh1 Qg6 23. Nxh6+ Qxh6 24. Qxd7 Rf8 25. Qxc7
Nb5 26. Qxb7 Nd4 27. c3 Nc2 28. Re2 Ne3 29. Rfe1 Ng4 30. Kg1 Nf6 31. Qxa6
Qg6 32. b4 Qg5 33. Qd3 Nh5 34. Qe3 Nf4 35. Rf2 f5 36. exf5 Rxf5 37. d6 Rf6
38. Rxf4 exf4 39. Qe8+ Kh7 40. Qe4+ Kh8 41. d7 Rd6 42. Qc2 g6 43. Rd1 Qe5
44. d8=Q+ { Black resigns } 1-0

[Event "ICC tourney 2314 (120 10)"]
[Site "Internet Chess Club"]
[Date "2021.01.17"]
[Round "3"]
[White "ScorpianFire7"]
[Black "ZYCON"]
[Result "1/2-1/2"]
[ICCResult "Game drawn by mutual agreement"]
[WhiteElo "1501"]
[BlackElo "1385"]
[Opening "Sicilian"]
[ECO "B50"]
[NIC "SI.01"]
[Time "11:01:24"]
[PlyCount "57"]
[TimeControl "7200+10"]

1. e4 c5 2. Nf3 d6 3. c3 d5 4. exd5 Qxd5 5. d4 cxd4 6. Nxd4 Nc6 7. Be3 Nf6
8. h3 e5 9. Nxc6 bxc6 10. Nd2 Bf5 11. Nf3 Nd7 12. Qxd5 cxd5 13. Bb5 f6 14.
Bc6 Rb8 15. Bxd5 Rxb2 16. Bb3 Nc5 17. Bxc5 Bxc5 18. Nd2 Bc2 19. Nc4 Rb1+
20. Rxb1 Bxb1 21. O-O Bf5 22. Rd1 Ke7 23. Kf1 Rd8 24. Rxd8 Kxd8 25. Ke2 Kc7
26. Ne3 Bxe3 27. Kxe3 Kc6 28. f3 Kc5 29. h4 { Game drawn by mutual
agreement } 1/2-1/2

[Event "ICC tourney 2314 (120 10)"]
[Site "Internet Chess Club"]
[Date "2021.01.17"]
[Round "3"]
[White "MasterIVGM20"]
[Black "ChessStar22"]
[Result "0-1"]
[ICCResult "White checkmated"]
[WhiteElo "1184"]
[BlackElo "1393"]
[Opening "Caro-Kann: advance variation"]
[ECO "B12"]
[NIC "CK.04"]
[Time "11:01:37"]
[PlyCount "182"]
[TimeControl "7200+10"]

1. e4 c6 2. d4 d5 3. e5 Bf5 4. c4 e6 5. c5 b6 6. b4 a5 7. Qa4 b5 8. Qb3
axb4 9. Qxb4 Qa5 10. Qxa5 Rxa5 11. Bd2 Ra8 12. Nc3 b4 13. Nd1 b3 14. a4 Bc2
15. Nb2 Nd7 16. a5 Nxc5 17. dxc5 Bxc5 18. a6 Bd4 19. Bc1 c5 20. a7 c4 21.
Nf3 Rxa7 22. Rxa7 Bxa7 23. Kd2 Bb6 24. Nxc4 dxc4 25. Bxc4 Ba5+ 26. Ke3 Bc3
27. Bb5+ Kd8 28. Ba4 Kc7 29. Nd4 Bxd4+ 30. Kxd4 Ne7 31. Kc3 Nd5+ 32. Kb2
Rb8 33. h4 h6 34. Rh3 Ne7 35. Rf3 Rf8 36. Rc3+ Kb7 37. h5 Bd1 38. f3 Rc8
39. Rxc8 Kxc8 40. Be8 Nf5 41. Bxf7 Kd7 42. Bg6 Nh4 43. Be4 Nxg2 44. f4 Nh4
45. Bd2 Bxh5 46. Kxb3 Bf3 47. Bd3 Nf5 48. Bf1 h5 49. Bh3 Bg4 50. Bg2 h4 51.
Be1 h3 52. Bh1 Nd4+ 53. Kc3 Bf3 54. Bg3 Ne2+ 55. Kd3 Nxg3 56. Bxf3 h2 57.
Ke3 Nf5+ 58. Ke4 h1=Q 59. Bxh1 Ng3+ 60. Kf3 Nxh1 61. Kg4 Nf2+ 62. Kg5 Nd3
63. f5 Nxe5 64. fxe6+ Kxe6 65. Kh4 Kf5 66. Kg3 Kg5 67. Kg2 Kg4 68. Kg1 g5
69. Kg2 Nd3 70. Kg1 Kg3 71. Kh1 Kh3 72. Kg1 g4 73. Kh1 g3 74. Kg1 Ne5 75.
Kh1 Ng6 76. Kg1 g2 77. Kf2 Kh2 78. Kf3 g1=Q 79. Ke4 Qg5 80. Kf3 Qf4+ 81.
Ke2 Ne5 82. Ke1 Qf3 83. Kd2 Nc4+ 84. Ke1 Ne5 85. Kd2 Kg2 86. Ke1 Qe3+ 87.
Kd1 Qd3+ 88. Kc1 Kf2 89. Kb2 Nc4+ 90. Ka2 Qa3+ 91. Kb1 Qb2# { White
checkmated } 0-1

[Event "ICC tourney 2314 (120 10)"]
[Site "Internet Chess Club"]
[Date "2021.01.17"]
[Round "3"]
[White "StevChess01"]
[Black "solveur"]
[Result "1/2-1/2"]
[ICCResult "Game drawn by mutual agreement"]
[WhiteElo "1632"]
[BlackElo "1435"]
[Opening "QGD Slav: Krause attack"]
[ECO "D17"]
[NIC "SL.04"]
[Time "11:01:28"]
[PlyCount "78"]
[TimeControl "7200+10"]

1. d4 d5 2. c4 c6 3. Nf3 Nf6 4. Nc3 dxc4 5. a4 Bf5 6. Ne5 Nbd7 7. Nxc4 Nb6
8. Ne5 e6 9. f3 Bb4 10. e4 Bg6 11. Be3 O-O 12. Be2 Qe7 13. O-O Rfd8 14. Qb3
c5 15. Nxg6 hxg6 16. dxc5 Bxc5 17. Bf2 Bxf2+ 18. Rxf2 Rd4 19. Qa3 Qxa3 20.
Rxa3 a6 21. Rb3 Nxa4 22. Nxa4 Rxa4 23. Rxb7 a5 24. b3 Rb4 25. Rxb4 axb4 26.
Bc4 Ra1+ 27. Rf1 Rxf1+ 28. Kxf1 Kf8 29. Ke2 Ke7 30. Kd3 Kd6 31. Bb5 Kc5 32.
Ba4 e5 33. g3 g5 34. Ke3 Nh7 35. Be8 f6 36. Bd7 Nf8 37. Bc8 Ng6 38. Kd3 Ne7
39. Bd7 Ng6 { Game drawn by mutual agreement } 1/2-1/2

[Event "ICC tourney 2314 (120 10)"]
[Site "Internet Chess Club"]
[Date "2021.01.17"]
[Round "3"]
[White "Knightboy123"]
[Black "Elatedbook"]
[Result "1/2-1/2"]
[ICCResult "Game drawn by repetition"]
[WhiteElo "1661"]
[BlackElo "1270"]
[Opening "Queen's pawn, Mason variation"]
[ECO "D00"]
[NIC "QP.08"]
[Time "11:01:26"]
[PlyCount "127"]
[TimeControl "7200+10"]

1. d4 d5 2. Bf4 Nf6 3. e3 Bf5 4. c4 e6 5. Nc3 Nbd7 6. Qb3 Nb6 7. Nf3 dxc4
8. Bxc4 Nxc4 9. Qxc4 Bd6 10. Bxd6 cxd6 11. Qb5+ Qd7 12. Rc1 Rc8 13. O-O O-O
14. Qxd7 Nxd7 15. e4 Bg6 16. Rfe1 Nf6 17. e5 dxe5 18. dxe5 Nd5 19. Nxd5
exd5 20. Nd4 a6 21. Nb3 Rfe8 22. Rxc8 Rxc8 23. Rc1 Rxc1+ 24. Nxc1 Kf8 25.
f4 Ke7 26. Kf2 Kd7 27. Ke3 Be4 28. g3 Kc6 29. Nb3 b6 30. Kd4 Bf5 31. Nc1 h5
32. Ne2 Be6 33. Ng1 Kb5 34. Nf3 Kc6 35. Ng5 Kd7 36. Nxe6 fxe6 37. h3 Ke7
38. g4 hxg4 39. hxg4 g6 40. f5 exf5 41. gxf5 gxf5 42. Kxd5 Kf7 43. Kd6 Ke8
44. Kd5 Kf7 45. b4 Ke7 46. a4 Kf7 47. e6+ Ke7 48. Ke5 f4 49. Kxf4 Kxe6 50.
Ke4 Kd6 51. Kd4 Kc6 52. Kc4 a5 53. b5+ Kd6 54. Kd4 Ke6 55. Ke4 Kd6 56. Kf5
Kd5 57. Kf6 Kd6 58. Kf5 Kd5 59. Kf6 Kd6 60. Kf5 Kd5 61. Kf6 Kd6 62. Kf5 Kd5
63. Kf6 Kd6 64. Kf5 { Game drawn by repetition } 1/2-1/2

[Event "ICC tourney 2314 (120 10)"]
[Site "Internet Chess Club"]
[Date "2021.01.17"]
[Round "3"]
[White "avats"]
[Black "artistqueen"]
[Result "0-1"]
[ICCResult "White checkmated"]
[WhiteElo "1584"]
[BlackElo "1260"]
[Opening "Petrov: Nimzovich attack"]
[ECO "C42"]
[NIC "RG.03"]
[Time "11:02:00"]
[PlyCount "82"]
[TimeControl "7200+10"]

1. e4 e5 2. Nf3 Nf6 3. Nxe5 d6 4. Nf3 Nxe4 5. Nc3 Nxc3 6. dxc3 Be7 7. Be2
Nc6 8. O-O Be6 9. Bf4 Qd7 10. Qd2 O-O-O 11. b4 Rhe8 12. a4 Kb8 13. a5 Ne5
14. Bxe5 dxe5 15. Qe3 Bf6 16. Rfd1 Qe7 17. Rdb1 Bf5 18. b5 Bxc2 19. Rb2 Bf5
20. b6 cxb6 21. axb6 a6 22. Bxa6 bxa6 23. Rxa6 Qb7 24. Ra7 Rd1+ 25. Ne1 Qe4
26. Qxe4 Bxe4 27. Kf1 Bd3+ 28. Re2 Bd8 29. Rxf7 Bxb6 30. Rxg7 Rf8 31. f3 e4
32. Rg3 exf3 33. gxf3 Be3 34. f4 Rxf4+ 35. Kg2 Bxe2 36. Rxe3 Rxe1 37. Kg3
Rf8 38. c4 Rg1+ 39. Kh4 Rf4+ 40. Kh3 Rf6 41. Rxe2 Rh6# { White checkmated }
0-1

[Event "ICC tourney 2314 (120 10)"]
[Site "Internet Chess Club"]
[Date "2021.01.17"]
[Round "3"]
[White "GPWKnight"]
[Black "gduranko"]
[Result "1-0"]
[ICCResult "Black resigns"]
[WhiteElo "1471"]
[BlackElo "1515"]
[Opening "Sicilian: Alapin's variation (2.c3)"]
[ECO "B22"]
[NIC "SI.46"]
[Time "11:01:33"]
[PlyCount "61"]
[TimeControl "7200+10"]

1. e4 c5 2. c3 g6 3. d4 cxd4 4. cxd4 d5 5. e5 Bg7 6. f4 Nc6 7. Be3 Qb6 8.
Qd2 Bf5 9. Nc3 f6 10. Na4 Qb4 11. Nc3 Be6 12. Nf3 Rc8 13. Be2 Bf7 14. O-O
a6 15. a3 Qa5 16. b4 Qd8 17. Na4 b5 18. Nc5 Ra8 19. e6 Qc8 20. exf7+ Kxf7
21. Rac1 e6 22. Nb3 Ra7 23. Na5 Rc7 24. Nxc6 Rxc6 25. Rxc6 Qxc6 26. Rc1 Qd7
27. Qc3 Ne7 28. Qc7 Rd8 29. Qxd7 Rxd7 30. Bd3 f5 31. Ng5+ { Black resigns }
1-0

[Event "ICC tourney 2314 (120 10)"]
[Site "Internet Chess Club"]
[Date "2021.01.17"]
[Round "3"]
[White "IveDoneEnough"]
[Black "shrey16ultimate"]
[Result "0-1"]
[ICCResult "White checkmated"]
[WhiteElo "1645"]
[BlackElo "1582"]
[Opening "Caro-Kann: two knights, 3...Bg4"]
[ECO "B11"]
[NIC "CK.01"]
[Time "11:01:29"]
[PlyCount "70"]
[TimeControl "7200+10"]

1. e4 c6 2. Nc3 d5 3. Nf3 Bg4 4. h3 Bxf3 5. Qxf3 Nf6 6. exd5 cxd5 7. d4 e6
8. Bf4 Nc6 9. Bb5 Qb6 10. Qe3 Bb4 11. Bxc6+ Qxc6 12. O-O Bxc3 13. bxc3 Rc8
14. Rab1 b6 15. Rb3 Ne4 16. Rd1 Nxc3 17. Rd3 Ne4 18. f3 Nd6 19. Qe5 Nf5 20.
Rbc3 Qd7 21. g4 f6 22. Qe1 Ne7 23. Rxc8+ Nxc8 24. Re3 Kf7 25. Rc3 Nd6 26.
Qh4 Nc4 27. Qh5+ g6 28. Qh6 g5 29. Bc1 Qb5 30. Rb3 Qa5 31. f4 Qe1+ 32. Kg2
Qxc1 33. Rf3 Ne3+ 34. Kf2 Qd2+ 35. Kg3 Qg2# { White checkmated } 0-1

[Event "ICC tourney 2314 (120 10)"]
[Site "Internet Chess Club"]
[Date "2021.01.17"]
[Round "3"]
[White "AchaTelugammayi"]
[Black "MikeWMason"]
[Result "1-0"]
[ICCResult "Black resigns"]
[WhiteElo "1500"]
[BlackElo "1699"]
[Opening "English: symmetrical, main line with d4"]
[ECO "A39"]
[NIC "EO.27"]
[Time "11:02:02"]
[PlyCount "61"]
[TimeControl "7200+10"]

1. c4 c5 2. g3 g6 3. Bg2 Bg7 4. Nf3 Nf6 5. Nc3 Nc6 6. O-O O-O 7. d4 Nxd4 8.
Nxd4 cxd4 9. Qxd4 d6 10. b3 a6 11. Bb2 Rb8 12. Rfd1 Bf5 13. Nd5 Ne8 14. Qd2
Nc7 15. Bxg7 Kxg7 16. Qg5 Nxd5 17. Bxd5 Be6 18. c5 h6 19. Qe3 Qd7 20. Bxe6
fxe6 21. cxd6 exd6 22. Qd4+ Kf7 23. Qxd6 Qxd6 24. Rxd6 Rfd8 25. Rad1 Ke7
26. Rxd8 Rxd8 27. Rxd8 Kxd8 28. Kg2 Ke7 29. Kf3 Kf6 30. Ke4 Ke7 31. Ke5 {
Black resigns } 1-0

[Event "ICC tourney 2314 (120 10)"]
[Site "Internet Chess Club"]
[Date "2021.01.17"]
[Round "3"]
[White "APBrain"]
[Black "bgl2011"]
[Result "1-0"]
[ICCResult "Black checkmated"]
[WhiteElo "1639"]
[BlackElo "1496"]
[Opening "Ruy Lopez: Morphy defense"]
[ECO "C77"]
[NIC "RL.12"]
[Time "11:01:29"]
[PlyCount "119"]
[TimeControl "7200+10"]

1. e4 e5 2. Nf3 Nc6 3. Bb5 a6 4. Ba4 Nf6 5. d4 exd4 6. O-O d6 7. e5 dxe5 8.
Nxe5 Bd7 9. Nxd7 Qxd7 10. Bg5 Be7 11. Re1 O-O 12. Qf3 b5 13. Bb3 Rfe8 14.
Nd2 h6 15. Bxf6 Bxf6 16. Bd5 Ne5 17. Rxe5 Rxe5 18. Bxa8 Qe6 19. h3 Re2 20.
Bd5 Qe7 21. Qd3 Re5 22. Bf3 c5 23. Ne4 g6 24. a4 c4 25. Qxd4 Re6 26. Nxf6+
Qxf6 27. Qxf6 Rxf6 28. axb5 axb5 29. Ra8+ Kg7 30. Rb8 Rf5 31. Bc6 Rc5 32.
Bxb5 c3 33. b4 Rc7 34. Bd3 Kf6 35. b5 Ra7 36. b6 Ra1+ 37. Kh2 Rb1 38. b7
Ke7 39. Be4 f5 40. Bf3 Kd7 41. Rc8 Kd6 42. b8=Q+ Rxb8 43. Rxb8 Kc7 44. Rh8
h5 45. Rg8 Kd6 46. Rxg6+ Ke5 47. Rc6 Kd4 48. Kg3 f4+ 49. Kxf4 h4 50. Rd6+
Kc4 51. Ke4 Kc5 52. Rd4 Kb6 53. Rc4 Ka7 54. Rb4 Ka8 55. Kd5 Ka7 56. Kc6 Ka8
57. Rb6 Ka7 58. Rb4 Ka8 59. Kc7+ Ka7 60. Ra4# { Black checkmated } 1-0